 Dungeon Crawl Stone Soup version 0.29.0-13-gc9e81de378 (webtiles) character file.

Game seed: 2321619946742111971

52 Artool the Cudgeller (level 3, -1/28 HPs)
             Began as a Demonspawn Gladiator on Sept 8, 2022.
             Succumbed to a gnoll's poison
             ... on level 2 of the Dungeon.
             The game lasted 00:01:40 (1792 turns).

Artool the Cudgeller (Demonspawn Gladiator)         Turns: 1792, Time: 00:01:41

Health: -1/28      AC:  7    Str: 16    XL:     3   Next: 60%
Magic:  3/3        EV: 11    Int:  9    God:
Gold:   69         SH:  0    Dex: 14    Spells: 2/2 levels left

rFire   . . .      SeeInvis .   o - +0 whip
rCold   . . .      Faith    .   (no shield)
rNeg    . . .      Spirit   .   f - +0 ring mail
rPois   .          Reflect  .   c - +0 helmet
rElec   .          Harm     .   (no cloak)
rCorr   .          Rampage  .   (no gloves)
Will    .....                   r - +0 pair of boots
Stlth   +.........              (no amulet)
HPRegen 0.09/turn               (no ring)
MPRegen 0.08/turn               (no ring)

@: lethally poisoned (-1 -> -8)
A: demonic touch 1
a: no special abilities


You were on level 2 of the Dungeon.
You visited 1 branch of the dungeon, and saw 2 of its levels.

You collected 69 gold pieces.

Inventory:

Hand Weapons
 a - a +0 flail
 o - a +0 whip (weapon)
Missiles
 d - 3 throwing nets (quivered)
 e - a javelin
Armour
 b - a +0 leather armour
 c - a +0 helmet (worn)
 f - a +0 ring mail (worn)
 r - a +0 pair of boots (worn)
Magical Staves
 i - a staff of death
Jewellery
 n - a ring of ice
Scrolls
 g - 2 scrolls of teleportation {unknown}
 j - 5 scrolls of identify {unknown}
 q - a scroll of poison {unknown}
Potions
 h - a potion of flight {unknown}
 k - a potion of attraction {unknown}
 l - 2 potions of curing {unknown}
 m - a potion of ambrosia {unknown}
 p - a potion of magic {unknown}


   Skills:
 + Level 2.6 Fighting
 + Level 3.1 Maces & Flails
 - Level 1.7 Throwing
 + Level 1.2 Armour
 + Level 3.1 Dodging


You had 2 spell levels left.
You didn't know any spells.
Your spell library was empty.

Dungeon Overview and Level Annotations

Branches:
Dungeon (2/15)

Altars:


Innate Abilities, Weirdness & Mutations

Your touch may inflict minor irresistible damage on your foes.


Message History

No target in view!
A gnoll comes into view. It is wielding a +0 whip.
The gnoll shouts!
A gnoll comes into view. It is wielding a +0 spear of venom.
There is an open door here.
A kobold and a bat come into view.
The kobold shouts!
The gnoll shouts!
A gnoll comes into view. It is wielding a +0 club.
The kobold throws a stone.
The stone hits you but does no damage.
There are monsters nearby!
A gnoll comes into view. It is wielding a +0 halberd.
Found 12 gold pieces.
The gnoll shouts! x2
The bat barely misses you.
You barely miss the bat. Your touch misses the bat. The bat barely misses you.
The bat hits you but does no damage.
The gnoll hits you from afar with a +0 spear of venom.
You are poisoned.
The gnoll hits you but does no damage.
You closely miss the gnoll.
You feel very sick. The gnoll hits you but does no damage.
You are more poisoned.
The gnoll barely misses you.
The kobold hits you with a +0 short sword.
The bat closely misses you. The gnoll attacks as you move away!
The gnoll hits you with a +0 whip. The kobold attacks as you move away!
The kobold misses you.
You feel very sick. The bat closely misses you.
* * * LOW HITPOINT WARNING * * *
You feel very sick. The bat hits you but does no damage.
The bat barely misses you.
* * * LOW HITPOINT WARNING * * *
You feel very sick. The bat barely misses you.
There is an open door here.
* * * LOW HITPOINT WARNING * * *
You feel sick. The bat closely misses you.
You die...

#.......### #+##
#..†.....#####...##
##.#.#.#.#.#.#.....##
#.#.................##
.###†#.#.#.#.#.......#
###..................+
.###.#.#.#.#.#.......#
#.#...†.............#
#.#.#.#.#.#.#..@..#
#....>........b..##
###.#.#.#.#.###'##
#...........##g#
##.#.#.#.#.###g#
#.########## #g# #.
#(K.....# ......##.#
##.....#


You could see 3 gnolls, a bat and a kobold.

Vanquished Creatures
  An adder (D:2)
  A worm (D:2)
  4 dart slugs
  2 endoplasms (D:2)
  3 giant cockroaches (D:2)
  5 goblins (D:1)
  2 hobgoblins (D:1)
  5 kobolds
  A quokka (D:1)
  A ball python (D:2)
  A bat (D:1)
  4 frilled lizards
  4 rats
34 creatures vanquished.

Vanquished Creatures (others)
  A goblin (D:2)
1 creature vanquished.

Grand Total: 35 creatures vanquished

Notes
Turn   | Place    | Note
-------+----------+-------------------------------------------
     0 | D:1      | Artool the Demonspawn Gladiator began the quest for the
                  | Orb.
     0 | D:1      | Reached XP level 1. HP: 16/16 MP: 1/1
   435 | D:1      | Gained mutation: Your touch may inflict minor irresistible
                  | damage on your foes. [demonic ancestry]
   435 | D:1      | Reached XP level 2. HP: 22/22 MP: 2/2
  1357 | D:2      | Reached skill level 1 in Armour
  1363 | D:2      | Reached XP level 3. HP: 20/28 MP: 3/3
  1791 | D:2      | HP: 1/28 [poisoned by a gnoll]
  1792 | D:2      | Succumbed to a gnoll's poison

Illustrated notes

Levels and vault maps discovered:
D:1:      minmay_arrival_doors, layout_basic
D:2:      layout_loops_corners, st_stairs_10, lemuel_old_faithful

Skill      XL: |  1  2 |
---------------+-------+-----
Maces & Flails | 3 |  3.1
Dodging        | 3 |  3.1
Armour         | 1 |  1.2
Fighting       | |  2.6
Throwing       | |  1.7

Action                   || total
-------------------------++-------
Melee: Flail             ||    39
       Punch             ||     1
       Whip              ||    47
       Touch             ||    14
  Use: Potion            ||     1
Armor: Leather armour    ||    15
       Ring mail         ||     8
Dodge: Dodged            ||    49
